 Dungeon Crawl Stone Soup version 0.21-a0-538-gd16b88a (webtiles) character file.

122435 Firecrotchwizard the Grappler (level 16, -7/167 HPs)
             Began as a Troll Monk on Dec 15, 2017.
             Was the Champion of Ru.
             Splashed by an acid dragon's acid (13 damage)
             ... on level 15 of the Dungeon.
             The game lasted 01:19:56 (24620 turns).

Firecrotchwizard the Grappler (Troll Monk)         Turns: 24620, Time: 01:19:57

Health: -7/167     AC:  9    Str: 29    XL:     16   Next: 34%
Magic:  22/22      EV: 16    Int:  6    God:    Ru [******]
Gold:   2366       SH: 11    Dex: 17    Spells: 15/15 levels left

rFire    x . .     SeeInvis .     - Unarmed
rCold    x . .     Gourm    +   T - +0 shield
rNeg     + . .     Faith    .   L - +1 troll leather armour {regen}
rPois    +         Spirit   .   G - +1 hat
rElec    .         Reflect  .   y - +2 cloak {+Inv}
rCorr    .         Harm     .   (gloves unavailable)
MR       +....                  (boots unavailable)
Stlth    ..........             N - amulet of rage {+Rage, !d}
HPRegen  1.17/turn              l - ring of Xom's Amusement {Wiz *Drain rPois rN+ Str+6}
MPRegen  0.18/turn              R - +6 ring of slaying

@: about to teleport, no potions, corroded
A: large, unfitting armour, claws 3, fast metabolism 3, gourmand, regeneration
1, shaggy fur 1, tough skin 2, inability to drink while threatened, no stealth,
hated by all, no air magic, no hexes magic, no translocations magic, temperature
sensitive
a: Draw Out Power, Power Leap, Apocalypse, Renounce Religion, Evoke Berserk
Rage, Evoke Invisibility


You were on level 15 of the Dungeon.
You worshipped Ru.
Ru was exalted by your worship.
You were completely stuffed.

You visited 3 branches of the dungeon, and saw 23 of its levels.
You also visited: Labyrinth.

You collected 2366 gold pieces.

Inventory:

Missiles
 w - a throwing net {=f, !d}
 O - 13 large rocks (quivered) {!d}
Armour
 y - a +2 cloak of invisibility (worn)
   (You acquired it on level 7 of the Dungeon)
 G - a +1 hat (worn)
   (You found it on level 5 of the Lair of Beasts)
 L - a +1 troll leather armour (worn) {regen}
   (You found it on level 10 of the Dungeon)
 T - a +0 shield (worn)
   (You found it on level 6 of the Lair of Beasts)
Jewellery
 a - a cursed -3 ring of slaying
   (You took it off a yaktaur on level 15 of the Dungeon)
 k - an uncursed ring of positive energy {rN+}
   (You found it on level 15 of the Dungeon)
 l - the ring of Xom's Amusement (left claw) {Wiz *Drain rPois rN+ Str+6}
   (You found it on level 8 of the Dungeon)

   [ring of wizardry]

   It improves your spell success rate.
   It affects your strength (+6).
   It protects you from poison.
   It protects you from negative energy.
   It causes draining when unequipped.
 x - an uncursed ring of ice {rC+, rF-}
   (You found it on level 5 of the Dungeon)
 J - an uncursed ring of resist corrosion
   (You found it on level 9 of the Dungeon)
 N - an amulet of rage (around neck) {+Rage, !d}
   (You found it on level 10 of the Dungeon)
 P - the ring of Toixiy {Wiz MR+ Int+4 SInv}
   (You found it on level 15 of the Dungeon)

   [ring of wizardry]

   It improves your spell success rate.
   It affects your intelligence (+4).
   It affects your resistance to hostile enchantments.
   It lets you see invisible.
 R - a +6 ring of slaying (right claw)
   (You found it on level 15 of the Dungeon)
 S - the ring "Ibiut" {rC+ Str+6}
   (You found it on level 15 of the Dungeon)

   [ring of protection from cold]

   It affects your strength (+6).
   It protects you from cold.
 X - the ring of Balance {rF+ Str+4}
   (You found it on level 15 of the Dungeon)

   [ring of protection from fire]

   It affects your strength (+4).
   It protects you from fire.
 Y - a +4 ring of protection
   (You found it in a labyrinth)
Wands
 C - a wand of digging (39)
   (You took it off Pikel on level 6 of the Dungeon)
 E - a wand of polymorph (23)
   (You found it on level 7 of the Dungeon)
 I - a wand of random effects (22)
   (You took it off an orc wizard on level 12 of the Dungeon)
 K - a wand of clouds (7)
   (You found it on level 4 of the Lair of Beasts)
 V - a wand of acid (3)
   (You found it on level 12 of the Dungeon)
 Z - a wand of disintegration (39)
   (You found it in a labyrinth)
Scrolls
 c - 9 scrolls of teleportation
 d - a scroll of enchant armour
 g - 4 scrolls of magic mapping {!r}
 i - 5 scrolls of fear
 j - a scroll of holy word {!r}
 o - 3 scrolls of fog
 p - 5 scrolls of enchant weapon
 u - 16 scrolls of remove curse
 z - 5 scrolls of blinking {!r}
 H - a scroll of amnesia
 Q - 3 scrolls of identify
Potions
 e - 2 potions of degeneration {unknown}
 m - 2 potions of haste
 n - 3 potions of agility
 q - a potion of ambrosia {unknown}
 r - 4 potions of heal wounds
 t - 6 potions of lignification {!q}
 v - 8 potions of curing
 B - 4 potions of flight
 D - 4 potions of might
 U - a potion of invisibility
Books
 A - a book of Air
   (You found it on level 10 of the Dungeon)
 F - a Young Poisoner's Handbook
   (You found it on level 8 of the Dungeon)
Comestibles
 b - 19 bread rations {@e1}
 f - 26 royal jellies
 h - 16 fruits
 s - 15 meat rations {@e2}
 M - 4 chunks of flesh {@w0}


   Skills:
 + Level 12.7 Fighting
 - Level 8.6 Armour
 - Level 10.9 Dodging
 + Level 7.0 Shields
 * Level 14.1 Unarmed Combat
 - Level 10.0 Evocations


You had 15 spell levels left.
You didn't know any spells.

Dungeon Overview and Level Annotations

Branches:
Dungeon (15/15)            Temple (0/1) D:5            Lair (6/6) D:10
  Swamp (0/4) Lair:3        Snake (0/4) Lair:4        Slime (0/5) Lair:5
    Orc (2/2) D:12            Elf (0/3) Orc:2        Vaults (0/5) D:14
 Depths (0/5) D:15

Altars:
Ashenzari
Cheibriados
Elyvilon
Hepliaklqana
Kikubaaqudgha
Makhleb
Nemelex Xobeh
Ru
Vehumet
Xom
Zin
Beogh
Jiyva

Shops:
D:4 (   D:7 *   D:12 [(   D:13 =   D:15 %[   Orc:2 ([([


Innate Abilities, Weirdness & Mutations

You are too large for most types of armour.
You have claws for hands.
Your metabolism is lightning-fast.
You like to eat raw meat.
Your natural rate of healing is unusually fast.
You are covered in fur. (AC +1)
You have very tough skin. (AC +2)
You cannot drink potions while threatened.
You cannot be stealthy.
You are hated by all.
You cannot study or cast Air magic.
You cannot study or cast Hexes magic.
You cannot study or cast Translocations magic.
You are sensitive to extremes of temperature. (rF-, rC-)


Message History

The hippogriff blinks!
The cyan ugly thing tentacle-slaps you but does no damage.
You claw the guardian serpent! You block something's attack.
Deactivating autopickup; reactivate with Ctrl-A.
The meliai simulacrum completely misses you.
You block the meliai simulacrum's attack.
The centaur warrior simulacrum misses you.
The guardian serpent coils itself and performs some mystic snake dance.
The hippogriff misses you. The hippogriff pecks you.
The hippogriff barely misses you.
The acid dragon is stunned by your will and fails to attack.
You take 2 damage, and have 123/167 hp.
You mangle the centaur warrior simulacrum!!
Something hits you but does no damage.
The meliai simulacrum barely misses you. x2
The cyan ugly thing tentacle-slaps you but does no damage.
The centaur warrior simulacrum hits you but does no damage.
The guardian serpent hits you!
You feel threatened and lose the ability to drink potions!
You focus your will and paralyse the guardian serpent in retribution!
The hippogriff bites you but does no damage.
You block the hippogriff's attack. The hippogriff misses you.
You redirect the meliai simulacrum's attack!
The meliai simulacrum closely misses itself.
The meliai simulacrum hits itself.
You redirect the acid dragon's attack!
The acid dragon bites the hippogriff but does no damage.
The acid dragon claws the hippogriff but does no damage.
You take 15 damage, and have 108/167 hp.
The acid dragon roars!
You mangle the centaur warrior simulacrum!!
The centaur warrior simulacrum vapourises!
Something barely misses you. The meliai simulacrum misses you.
You block the meliai simulacrum's attack.
You redirect the cyan ugly thing's attack!
The cyan ugly thing tentacle-slaps itself.
You barely miss the meliai simulacrum.
The cyan ugly thing gurgles horribly!
Something hits you.
You block the meliai simulacrum's attack.
The meliai simulacrum barely misses you.
You block the hippogriff's attack.
The hippogriff pecks you but does no damage.
The hippogriff claws you. The acid dragon closely misses you.
The acid dragon claws you but does no damage.
You block the cyan ugly thing's attack.
A rakshasa comes into view. It is wielding a trident.
You take 6 damage, and have 103/167 hp.
You mangle the meliai simulacrum!!
The meliai simulacrum vapourises!
Something hits you but does no damage. The hippogriff misses you.
The hippogriff pecks you but does no damage.
The hippogriff claws you but does no damage.
The acid dragon spits acid at you. The splash of acid hits you!
You are splashed with acid!
The acid burns!
You take 18 damage, and have 85/167 hp.
You claw the cyan ugly thing! Something hits you.
The rakshasa begins to attack, but is stunned by your will!
You redirect the cyan ugly thing's attack!
The cyan ugly thing tentacle-slaps itself!
The hippogriff closely misses you. x2; You block the hippogriff's attack.
The acid dragon is stunned by your will and fails to attack.
Some of the chunks of flesh in your inventory have rotted away.
A necromancer comes into view. It is wielding a dagger.
You take 2 damage, and have 83/167 hp.
You closely miss the cyan ugly thing.
The cyan ugly thing gurgles horribly!
Something hits you!
The rakshasa weaves an illusion.
The cyan ugly thing is stunned by your will and fails to attack.
You take 6 damage, and have 77/167 hp.
You claw the cyan ugly thing! The hippogriff bites you.
You block the hippogriff's attack. The hippogriff barely misses you.
The acid dragon closely misses you. The acid dragon claws you.
Something hits you but does no damage. The cyan ugly thing tentacle-slaps you!
The cyan ugly thing shocks you!
* * * LOW HITPOINT WARNING * * *
Something closely misses you.
The rakshasa begins to attack, but is stunned by your will!
You take 36 damage, and have 41/167 hp.
MASSIVE DAMAGE!!
As you read the scroll of teleportation, it crumbles to dust.
You feel strangely unstable. You block something's attack. x2
The hippogriff is stunned by your will and fails to attack.
The acid dragon bites you.
* * * LOW HITPOINT WARNING * * *
You block the acid dragon's attack. The cyan ugly thing tentacle-slaps you!
* * * LOW HITPOINT WARNING * * *
The cyan ugly thing shocks you!
* * * LOW HITPOINT WARNING * * *
You focus your will and blind the cyan ugly thing in retribution!
You take 27 damage, and have 14/167 hp.
You claw the cyan ugly thing! You block the hippogriff's attack.
The hippogriff closely misses you. x2
The acid dragon spits acid at you. The splash of acid hits you!
* * * LOW HITPOINT WARNING * * *
The acid corrodes you!
You are splashed with acid!
The acid burns!
You die...

#...##'#.....#...
##..#............ ......
##.'.......#...##....R.
###...................
###.......#...##.......
##.....#..............#.
#.....#(..#...##......Z#
.......(.......DHS......
≈≈≈..(..........@{..p...
≈≈≈.#(......#'#u#§......
≈≈.#(..(...##...##......
..#(...#'###.....###'#..
.#)(..##...#.....# # .
).))..'....##).?##
))....#....######
.....#. .(..#'###(.#
.##.....# ...##..#####
.'......


You could see a cyan ugly thing (blind), a rakshasa, a guardian serpent
(paralysed), a hippogriff, a necromancer, an acid dragon and a centaur warrior
skeleton.

Vanquished Creatures
  Rupert (D:14)
  Gastronok (D:11)
  A storm dragon (D:13)
  An orc warlord (Orc:2)
  Nessos (D:14)
  A minotaur (Lab)
  A fire dragon (D:15)
  3 yaktaur captains (D:15)
  Josephine (D:11)
  An ice dragon (D:14)
  Fannar (Lair:2)
  4 vault guards (D:15)
  4 hydras
  4 centaur warriors
  3 tengu warriors
  2 ogre magi (D:15)
  8 two-headed ogres
  A death knight (D:11)
  10 death yaks
  A queen ant (Lair:2)
  Urug (D:11)
  2 orc high priests (Orc:2)
  2 slime creatures (D:13)
  The ghost of isock the Slasher, a novice GnWn (D:7)
  3 skeletal warriors (D:15)
  A salamander mystic (D:15)
  A swamp dragon (Lair:3)
  3 unseen horrors
  4 orc knights
  5 deep elf magi
  Pikel (D:6)
  A wolf spider zombie (D:15)
  A wolf spider (Lair:6)
  6 ugly things
  12 elephants
  A salamander (D:15)
  2 orc sorcerers
  2 cyclopes (D:13)
  A guardian serpent (shapeshifter) (D:15)
  A naga mage (D:15)
  13 black mambas
  2 guardian serpents
  2 torpor snails
  2 manticores
  3 centaur zombies
  Psyche (D:7)
  A gargoyle (D:15)
  14 spiny frogs
  A rime drake (shapeshifter) (D:13)
  2 kobold demonologists
  2 yaktaurs
  A rime drake (Lair:5)
  5 komodo dragons
  A tengu conjurer (D:15)
  10 trolls
  11 polar bears
  2 freezing wraiths (D:11)
  4 blink frogs (Lair:1)
  2 raiju (Lair:6)
  2 hornets (Lair:6)
  A raiju (shapeshifter) (D:15)
  A meliai zombie (D:12)
  6 hippogriffs
  The ghost of AverageBear the Cutter, an amateur DEFi of Ashenzari (D:4)
  Sigmund (D:6)
  5 wraiths (D:11)
  A centaur simulacrum (D:15)
  A redback (Lair:6)
  10 wyverns
  2 shadows (D:12)
  70 yaks
  A basilisk (shapeshifter) (D:12)
  2 basilisks
  21 humans
  4 hungry ghosts
  7 vampire mosquitoes
  Edmund (D:6)
  9 wargs
  An acid dragon (D:15)
  8 soldier ants
  20 water moccasins
  2 floating eyes (D:15)
  13 hell hounds (Lair:6)
  A meliai simulacrum (D:15)
  11 porcupines
  32 orc warriors
  2 sky beasts
  4 ice beasts
  2 eyes of draining
  4 slaves (D:6)
  15 black bears
  An eye of draining (shapeshifter) (D:13)
  18 ogres
  15 wolves
  2 phantoms
  5 boggarts (D:15)
  20 centaurs
  5 big kobolds
  10 crocodiles
  16 bullfrogs
  A wyvern zombie (D:11)
  A wyvern skeleton (D:13)
  A hornet simulacrum (D:15)
  6 scorpions
  5 killer bees (D:9)
  A wight (D:15)
  6 howler monkeys
  4 crimson imps
  A bullfrog zombie (D:12)
  16 hounds
  6 jellies
  2 gnoll shamans
  25 orc priests
  27 orc wizards
  A bullfrog skeleton (D:11)
  8 centaur skeletons
  Jessica (D:7)
  2 iguanas
  29 worker ants
  A hound skeleton (D:7)
  2 worker ant zombies
  7 gnolls
  14 adders
  6 shadow imps
  An adder zombie (D:9)
  2 adder skeletons
  A worm (D:4)
  A dart slug (D:4)
  7 leopard geckos
  100 orcs
  4 giant cockroaches
  9 goblins
  3 hobgoblins
  10 jackals
  5 quokkas
  3 ball pythons
  3 bats
  5 frilled lizards
  A jackal skeleton (D:6)
  A jackal zombie (D:5)
  32 kobolds
  A leopard gecko skeleton (D:4)
  A quokka skeleton (D:3)
  7 rats
  A plant (Lair:4)
904 creatures vanquished.

Vanquished Creatures (others)
  A hydra (D:14)
  A centaur warrior (D:15)
  An unseen horror (D:14)
  A wizard (D:15)
  An ugly thing (D:14)
  A wolf spider (Lair:6)
  A cyclops (D:11)
  A troll (D:15)
  A hippogriff (Lair:1)
  A wyvern (Lair:6)
  A human (D:14)
  A porcupine (Lair:3)
  An ogre (Orc:1)
  2 centaurs
  An orc priest (D:11)
  3 worker ants
  2 iguanas (Lair:3)
  7 orcs
  A jackal (D:11)
  2 kobolds (D:12)
  3 fungi (Lair:6)
  12 plants
46 creatures vanquished.

Grand Total: 950 creatures vanquished

Notes
Turn   | Place    | Note
-------+----------+-------------------------------------------
     0 | D:1      | Firecrotchwizard the Troll Monk began the quest for the Orb.
     0 | D:1      | Reached XP level 1. HP: 22/22 MP: 0/0
   247 | D:1      | Reached XP level 2. HP: 29/29 MP: 1/1
   816 | D:2      | Reached skill level 4 in Unarmed Combat
   816 | D:2      | Reached XP level 3. HP: 36/36 MP: 2/2
   888 | D:2      | Found an ancient bone altar of Kikubaaqudgha.
   960 | D:2      | Found a sacrificial altar of Ru.
   975 | D:2      | Became a worshipper of Ru the Awakened
   983 | D:2      | Gained mutation: You are hated by all. [Ru sacrifice]
   983 | D:2      | Reached * piety under Ru
  1000 | D:2      | Found a white marble altar of Elyvilon.
  1002 | D:2      | Found a snail-covered altar of Cheibriados.
  1004 | D:2      | Found a radiant altar of Vehumet.
  1004 | D:2      | Found a shimmering altar of Xom.
  1010 | D:2      | Reached XP level 4. HP: 44/44 MP: 3/3
  1440 | D:2      | Reached skill level 5 in Unarmed Combat
  2328 | D:4      | Reached XP level 5. HP: 49/50 MP: 4/4
  2382 | D:4      | Reached skill level 6 in Unarmed Combat
  2414 | D:4      | Noticed a phantom
  2428 | D:4      | Noticed AverageBear's ghost (amateur DEFi)
  2456 | D:4      | Killed a phantom
  2456 | D:4      | Reached XP level 6. HP: 47/59 MP: 5/5
  2462 | D:4      | Found Tuce's Antique Weapon Shop.
  2604 | D:4      | Reached skill level 7 in Unarmed Combat
  2753 | D:4      | Reached skill level 8 in Unarmed Combat
  2753 | D:4      | Reached XP level 7. HP: 39/66 MP: 6/6
  2784 | D:4      | Killed AverageBear's ghost
  2956 | D:4      | Gained mutation: You cannot drink potions while threatened. [Ru sacrifice]
  2956 | D:4      | Reached ** piety under Ru
  2956 | D:4      | Reached *** piety under Ru
  3016 | D:4      | Found a sparkling altar of Nemelex Xobeh.
  3072 | D:4      | Reached skill level 1 in Armour
  3126 | D:4      | Reached skill level 3 in Fighting
  3126 | D:4      | Reached skill level 3 in Dodging
  3303 | D:5      | Entered Level 5 of the Dungeon
  3547 | D:5      | Found a staircase to the Ecumenical Temple.
  3553 | D:5      | Reached XP level 8. HP: 58/75 MP: 7/7
  3579 | D:5      | Reached skill level 2 in Armour
  4142 | D:6      | Noticed Sigmund
  4302 | D:6      | Noticed Pikel
  4306 | D:6      | Noticed Edmund
  4307 | D:6      | Killed Pikel
  4307 | D:6      | Reached skill level 4 in Fighting
  4307 | D:6      | Reached skill level 3 in Armour
  4307 | D:6      | Reached skill level 4 in Dodging
  4330 | D:6      | Killed Edmund
  4869 | D:6      | Reached XP level 9. HP: 78/85 MP: 8/8
  4981 | D:6      | Killed Sigmund
  4981 | D:6      | Reached skill level 4 in Armour
  5019 | D:6      | Reached skill level 5 in Dodging
  5079 | D:6      | Found a burning altar of Makhleb.
  5509 | D:6      | Found a glowing silver altar of Zin.
  5561 | D:7      | Reached skill level 5 in Fighting
  5565 | D:7      | Identified a scroll of acquirement
  5591 | D:7      | Found a runed door.
  5597 | D:7      | Found a runed door.
  5654 | D:7      | Gained mutation: You are sensitive to extremes of temperature. (rF-, rC-) [Ru sacrifice]
  5654 | D:7      | Reached **** piety under Ru
  5654 | D:7      | Reached ***** piety under Ru
  5891 | D:7      | Found Rinnataq's General Store.
  5959 | D:7      | Found a runed door.
  5999 | D:7      | Noticed Jessica
  6001 | D:7      | Noticed Psyche
  6022 | D:7      | Reached skill level 1 in Evocations
  6042 | D:7      | Reached skill level 6 in Fighting
  6042 | D:7      | Reached skill level 6 in Dodging
  6056 | D:7      | Reached skill level 2 in Evocations
  6061 | D:7      | Reached XP level 10. HP: 71/98 MP: 10/10
  6068 | D:7      | Killed Psyche
  6105 | D:7      | HP: 22/100 [human (9)]
  6112 | D:7      | Reached skill level 3 in Evocations
  6123 | D:7      | Killed Jessica
  6125 | D:7      | Found a runed door.
  6632 | D:7      | Noticed isock's ghost (novice GnWn)
  6660 | D:7      | Killed isock's ghost
  6660 | D:7      | Reached skill level 7 in Fighting
  6660 | D:7      | Reached skill level 7 in Dodging
  6703 | D:7      | Found a runed door.
  7106 | D:8      | Noticed a two-headed ogre
  7113 | D:8      | Killed a two-headed ogre
  7113 | D:8      | Reached skill level 4 in Evocations
  7285 | D:8      | Got a clouded silver ring
  7286 | D:8      | Identified the ring of Xom's Amusement {Wiz *Drain rPois rN+ Str+6} (You found it on level 8 of the Dungeon)
  7333 | D:8      | Noticed a two-headed ogre
  7340 | D:8      | Killed a two-headed ogre
  7379 | D:8      | Reached XP level 11. HP: 108/110 MP: 13/13
  7455 | D:8      | Gained mutation: You cannot be stealthy. [Ru sacrifice]
  7455 | D:8      | Reduced skill Stealth to level 0
  7557 | D:8      | Found a hazy altar of Hepliaklqana.
  8147 | D:9      | Noticed a two-headed ogre
  8157 | D:9      | Killed a two-headed ogre
  8157 | D:9      | Reached skill level 8 in Fighting
  8157 | D:9      | Reached skill level 8 in Dodging
  8157 | D:9      | Reached skill level 5 in Evocations
  8307 | D:9      | Found a shattered altar of Ashenzari.
  8672 | D:9      | Noticed a two-headed ogre
  8680 | D:9      | Killed a two-headed ogre
  8826 | D:10     | Entered Level 10 of the Dungeon
  8893 | D:10     | Got a faintly glowing hand axe
  9205 | D:10     | Gained mutation: You cannot study or cast Air magic. [Ru sacrifice]
  9205 | D:10     | Gained mutation: You cannot study or cast Hexes magic. [Ru sacrifice]
  9205 | D:10     | Gained mutation: You cannot study or cast Translocations magic. [Ru sacrifice]
  9205 | D:10     | Reached ****** piety under Ru
  9220 | D:10     | Found a staircase to the Lair.
  9541 | D:11     | Noticed a two-headed ogre
  9549 | D:11     | Killed a two-headed ogre
  9549 | D:11     | Reached skill level 5 in Armour
  9570 | D:11     | Noticed Josephine
  9572 | D:11     | Reached skill level 6 in Evocations
  9605 | D:11     | Killed Josephine
  9605 | D:11     | Reached skill level 9 in Fighting
  9612 | D:11     | Reached skill level 9 in Dodging
  9668 | D:11     | Reached XP level 12. HP: 118/123 MP: 15/15
  9683 | D:11     | Noticed a death knight
  9746 | Lair:1   | Entered Level 1 of the Lair of Beasts
 10312 | Lair:1   | Reached skill level 6 in Armour
 11118 | Lair:2   | Reached skill level 7 in Evocations
 11162 | Lair:2   | Noticed a queen ant
 11170 | Lair:2   | Killed a queen ant
 11177 | Lair:2   | Noticed Fannar
 11207 | Lair:2   | Killed Fannar
 11458 | Lair:2   | Reached skill level 7 in Armour
 11656 | Lair:2   | Reached skill level 10 in Fighting
 11662 | Lair:2   | Reached skill level 10 in Dodging
 11761 | Lair:3   | Found a staircase to the Swamp.
 11830 | Lair:3   | Reached XP level 13. HP: 123/133 MP: 17/17
 12658 | Lair:4   | Found a staircase to the Snake Pit.
 13386 | Lair:5   | Reached skill level 8 in Evocations
 13394 | Lair:5   | HP: 31/135 [death yak (7)]
 13544 | Lair:5   | Found a labyrinth entrance.
 13554 | Lab      | Entered a labyrinth
 13677 | Lab      | Noticed a minotaur
 13689 | Lab      | Killed a minotaur
 13808 | Lab      | Identified the Collected Works on Glacial Transformation
 13867 | Lair:5   | Found a viscous altar of Jiyva.
 13868 | Lair:5   | Found a staircase to the Slime Pits.
 14044 | Lair:5   | Reached skill level 8 in Armour
 14659 | Lair:6   | Entered Level 6 of the Lair of Beasts
 15108 | Lair:6   | Reached skill level 11 in Fighting
 15108 | Lair:6   | Reached XP level 14. HP: 110/146 MP: 19/19
 15300 | Lair:6   | Reached skill level 9 in Unarmed Combat
 15306 | Lair:6   | Reached skill level 1 in Shields
 15684 | Lair:6   | Paralysed by a hornet for 1 turns
 16061 | Lair:6   | Reached skill level 9 in Evocations
 16069 | Lair:6   | Reached skill level 2 in Shields
 16356 | Lair:6   | Reached skill level 10 in Unarmed Combat
 16584 | Lair:6   | Found the +8 autumn katana {slice, Clar}
 16655 | Lair:6   | Reached skill level 3 in Shields
 17001 | D:11     | Noticed Gastronok
 17001 | D:11     | Noticed Urug
 17078 | D:11     | Killed Gastronok
 17101 | D:11     | Killed Urug
 17964 | D:12     | Found a shimmering altar of Xom.
 18054 | D:12     | Found Elisouju's Weapon Emporium.
 18054 | D:12     | Found a staircase to the Orcish Mines.
 18058 | D:12     | Found Qyll's Armour Emporium.
 18073 | D:12     | Reached skill level 11 in Unarmed Combat
 18438 | Orc:1    | Entered Level 1 of the Orcish Mines
 18508 | Orc:2    | Entered Level 2 of the Orcish Mines
 18521 | Orc:2    | Reached skill level 4 in Shields
 18654 | Orc:2    | Found a roughly hewn altar of Beogh.
 18672 | Orc:2    | Found Xecounny's Armour Boutique.
 18824 | Orc:2    | Found a staircase to the Elven Halls.
 18860 | Orc:2    | Reached XP level 15. HP: 131/156 MP: 21/21
 19486 | Orc:2    | Found a roughly hewn altar of Beogh.
 19513 | Orc:2    | Found Wimovai's Weapon Shop.
 19770 | Orc:2    | Noticed an orc warlord
 19806 | Orc:2    | Killed an orc warlord
 19812 | Orc:2    | Found Wifyagic's Antique Weapon Shop.
 19814 | Orc:2    | Found a roughly hewn altar of Beogh.
 19817 | Orc:2    | Found Xefot's Antique Armour Boutique.
 19958 | Orc:2    | Found a roughly hewn altar of Beogh.
 20042 | Orc:2    | Found a roughly hewn altar of Beogh.
 20666 | D:13     | Found Qeotanol's Jewellery Boutique.
 20790 | D:13     | Found a runed door.
 21829 | D:13     | Reached skill level 12 in Unarmed Combat
 21854 | D:13     | Reached skill level 12 in Fighting
 21854 | D:13     | Reached skill level 5 in Shields
 21907 | D:13     | Noticed a storm dragon
 21919 | D:13     | Killed a storm dragon
 22063 | D:14     | Found a gate to the Vaults.
 22063 | D:14     | Noticed Rupert
 22063 | D:14     | Noticed Nessos
 22136 | D:14     | Reached skill level 10 in Evocations
 22188 | D:14     | Paralysed by Rupert for 4 turns
 22212 | D:14     | Killed Rupert
 22472 | D:14     | HP: 26/157 [white ugly thing (33)]
 22693 | D:14     | Killed Nessos
 23105 | D:14     | Reached skill level 13 in Unarmed Combat
 23129 | D:14     | Reached skill level 6 in Shields
 23333 | D:15     | Entered Level 15 of the Dungeon
 23365 | D:15     | Paralysed by a floating eye for 2 turns
 23496 | D:15     | Found Comets's Food Shop.
 23640 | D:15     | Reached XP level 16. HP: 136/167 MP: 22/22
 23658 | D:15     | Got a transparent wooden ring
 23660 | D:15     | Identified the ring of Toixiy {Wiz MR+ Int+4 SInv} (You found it on level 15 of the Dungeon)
 23682 | D:15     | Found Gyuseshri's Armour Shoppe.
 24055 | D:15     | HP: 41/167 [skeletal warrior/glaive (8)]
 24239 | D:15     | Got a coiled pewter ring
 24241 | D:15     | Identified the ring of Balance {rF+ Str+4} (You found it on level 15 of the Dungeon)
 24365 | D:15     | Paralysed by a wizard for 7 turns
 24377 | D:15     | HP: 39/167 [gargoyle/mace (7)]
 24387 | D:15     | Got a translucent platinum ring
 24389 | D:15     | Identified the ring "Ibiut" {rC+ Str+6} (You found it on level 15 of the Dungeon)
 24524 | D:15     | Found a staircase to the Depths.
 24535 | D:15     | Reached skill level 14 in Unarmed Combat
 24604 | D:15     | Reached skill level 7 in Shields
 24618 | D:15     | HP: 41/167 [cyan ugly thing (16)]
 24619 | D:15     | HP: 14/167 [cyan ugly thing (15)]
 24620 | D:15     | HP: 6/167 [acid dragon/splash of acid (9)]
 24620 | D:15     | Splashed by an acid dragon's acid

Vault maps used:
D:1:      dpeg_chamrin_arrival_tetris, lemuel_another_geyser
D:2:      old_standard_altar, lemuel_doored_altar, grunt_temple_overflow_open,
          first_bread, kennysheep_generic_room_15
D:4:      nemelex_xobeh_ov_fountains_minmay, serial_shops,
          nicolae_shop_window_shopping
D:5:      minmay_temple_entry_crystal_x
D:6:      general_overflow_altar, makhleb_heckhound_becter, dk_vineyard_2,
          uniq_edmund, uniq_pikel, uniq_sigmund
D:7:      erik_cavepeople, serial_shops, nicolae_shop_crystal, grunt_ogre_cave
D:8:      kennysheep_mini, minmay_misc_feat_iff, hangedman_decor_growths
D:9:      nicolae_overflow_hidden_temple
D:10:     lair_entry_dummy, minivault_20
D:11:     uniq_gastronok, uniq_urug, uniq_josephine
D:12:     orc_david_3, david_defended_altar_elf
D:13:     serial_shops, shop, lightli_airlock
D:14:     david_vaults_3, portal_ice_cave_entry_animals_and_master,
          kennysheep_generic_room_8
D:15:     hangedman_spin_cycle, serial_shops
Lair:2:   minmay_another_anthill, uniq_fannar
Lair:3:   minmay_swamp_entry_reptiles
Lair:4:   dummy_snake_entry
Lair:5:   slime_altar_1, lab_entry_generic, beast_lair_carwin_7
Lair:6:   hangedman_lair_caniforms_friends, hangedman_lair_tendril_chambers,
          serial_bayou_shore_b
Orc:2:    grunt_orc_community_town_hall, grunt_orc_community_big_house_2,
          grunt_orc_community_big_house_2, grunt_orc_community_house_3,
          grunt_orc_community_house_1, grunt_orc_community_house_1,
          grunt_orc_community_house_3, grunt_orc_community_house_3,
          grunt_orc_community_house_2
Lab:      labyrinth_skeletal_remains, lab_statue

Skill      XL: |  1  2  3  4  5  6  7  8  9 10 11 12 13 14 15 16 |
---------------+-------------------------------------------------+-----
Unarmed Combat | 4 5 6 8 11 13 14 | 14.1
Armour         | 1 3 4 5 7 8 |  8.6
Fighting       | 3 4 6 7 9 10 11 12 | 12.7
Dodging        | 3 4 6 7 9 10 | 10.9
Evocations     | 2 4 6 7 8 9 10 | 10.0
Stealth        | 0 |  0.0
Shields        | 4 6 7 |  7.0

Action                   |  1- 3 |  4- 6 |  7- 9 | 10-12 | 13-15 | 16-18 || total
-------------------------+-------+-------+-------+-------+-------+-------++-------
Melee: Unarmed           |    62 |   152 |   283 |   787 |  1908 |   198 ||  3390
       Punch             |       |     2 |    12 |    53 |    30 |       ||    97
Throw: Large rock        |       |       |       |     3 |     7 |       ||    10
Invok: Sacrifice Love    |     1 |       |       |       |       |       ||     1
       Sacrifice Drink   |       |       |     1 |       |       |       ||     1
       Sacrifice Resista |       |       |     1 |       |       |       ||     1
       Draw Out Power    |       |       |       |     3 |     2 |       ||     5
       Apocalypse        |       |       |       |     2 |       |       ||     2
       Sacrifice Stealth |       |       |       |     1 |       |       ||     1
       Sacrifice Arcana  |       |       |       |     1 |       |       ||     1
       Power Leap        |       |       |       |       |     1 |       ||     1
Evoke: Wand              |       |       |       |       |     8 |       ||     8
  Use: Scroll            |       |       |    14 |     6 |    13 |     1 ||    34
       Potion            |       |       |       |     1 |     3 |       ||     4
 Stab: Sleeping          |     4 |     7 |     4 |     2 |       |       ||    17
       Invisible         |       |       |     3 |     4 |     4 |     4 ||    15
       Distracted        |       |       |     2 |     3 |     7 |       ||    12
       Paralysed         |       |       |       |    10 |    20 |     5 ||    35
  Eat: Chunk             |    15 |    15 |    30 |    57 |   112 |     9 ||   238
Armor: Robe              |    28 |    29 |    46 |    61 |       |       ||   164
       Troll leather arm |       |       |       |    76 |       |    21 ||    97
       Swamp dragon scal |       |       |       |       |   701 |    29 ||   730
Dodge: Dodged            |    26 |    69 |   104 |   400 |  1054 |    81 ||  1734
Block: Shield            |       |       |       |       |   810 |    75 ||   885

Table legend:
 A = Spawn XP
 B = Non-spawn XP
 C = Spawn XP percentage of total XP
 D = Spawn monster count
 E = Non-spawn monster count
 F = Spawn count percentage of total count
 G = Total turns spent on level
                    A         B        C        D         E        F      G
               +---------+---------+-------+---------+---------+-------+---------
         Total |       0 |  174908 |   0.0 |       0 |     913 |   0.0 | 24620
               +---------+---------+-------+---------+---------+-------+---------
           D:1 |       0 |      19 |   0.0 |       0 |      12 |   0.0 |   728
           D:2 |       0 |     120 |   0.0 |       0 |      24 |   0.0 |   750
           D:3 |       0 |      55 |   0.0 |       0 |      24 |   0.0 |   827
           D:4 |       0 |    1136 |   0.0 |       0 |      26 |   0.0 |   998
           D:5 |       0 |     450 |   0.0 |       0 |      15 |   0.0 |   797
           D:6 |       0 |    1434 |   0.0 |       0 |      17 |   0.0 |  1432
           D:7 |       0 |    5233 |   0.0 |       0 |      51 |   0.0 |  1524
           D:8 |       0 |    3317 |   0.0 |       0 |      32 |   0.0 |   810
           D:9 |       0 |    3751 |   0.0 |       0 |      37 |   0.0 |   960
          D:10 |       0 |    1780 |   0.0 |       0 |      14 |   0.0 |   876
          D:11 |       0 |   13173 |   0.0 |       0 |      61 |   0.0 |   921
          D:12 |       0 |    5408 |   0.0 |       0 |      42 |   0.0 |   633
          D:13 |       0 |   12117 |   0.0 |       0 |      41 |   0.0 |  1533
          D:14 |       0 |   19794 |   0.0 |       0 |      52 |   0.0 |  1208
          D:15 |       0 |   29080 |   0.0 |       0 |      66 |   0.0 |  1287
        Lair:1 |       0 |    5153 |   0.0 |       0 |      22 |   0.0 |  1063
        Lair:2 |       0 |    9733 |   0.0 |       0 |      54 |   0.0 |   952
        Lair:3 |       0 |    2562 |   0.0 |       0 |      13 |   0.0 |   675
        Lair:4 |       0 |    5645 |   0.0 |       0 |      24 |   0.0 |   862
        Lair:5 |       0 |   10589 |   0.0 |       0 |      26 |   0.0 |  1202
        Lair:6 |       0 |   29347 |   0.0 |       0 |     111 |   0.0 |  2161
         Orc:1 |       0 |    2742 |   0.0 |       0 |      19 |   0.0 |   450
         Orc:2 |       0 |   11192 |   0.0 |       0 |     129 |   0.0 |  1694
           Lab |       0 |    1078 |   0.0 |       0 |       1 |   0.0 |   277
               +---------+---------+-------+---------+---------+-------+---------

Vault maps used:
D:1:      dpeg_chamrin_arrival_tetris, lemuel_another_geyser
D:2:      old_standard_altar, lemuel_doored_altar, grunt_temple_overflow_open,
          first_bread, kennysheep_generic_room_15
D:4:      nemelex_xobeh_ov_fountains_minmay, serial_shops,
          nicolae_shop_window_shopping
D:5:      minmay_temple_entry_crystal_x
D:6:      general_overflow_altar, makhleb_heckhound_becter, dk_vineyard_2,
          uniq_edmund, uniq_pikel, uniq_sigmund
D:7:      erik_cavepeople, serial_shops, nicolae_shop_crystal, grunt_ogre_cave
D:8:      kennysheep_mini, minmay_misc_feat_iff, hangedman_decor_growths
D:9:      nicolae_overflow_hidden_temple
D:10:     lair_entry_dummy, minivault_20
D:11:     uniq_gastronok, uniq_urug, uniq_josephine
D:12:     orc_david_3, david_defended_altar_elf
D:13:     serial_shops, shop, lightli_airlock
D:14:     david_vaults_3, portal_ice_cave_entry_animals_and_master,
          kennysheep_generic_room_8
D:15:     hangedman_spin_cycle, serial_shops
Lair:2:   minmay_another_anthill, uniq_fannar
Lair:3:   minmay_swamp_entry_reptiles
Lair:4:   dummy_snake_entry
Lair:5:   slime_altar_1, lab_entry_generic, beast_lair_carwin_7
Lair:6:   hangedman_lair_caniforms_friends, hangedman_lair_tendril_chambers,
          serial_bayou_shore_b
Orc:2:    grunt_orc_community_town_hall, grunt_orc_community_big_house_2,
          grunt_orc_community_big_house_2, grunt_orc_community_house_3,
          grunt_orc_community_house_1, grunt_orc_community_house_1,
          grunt_orc_community_house_3, grunt_orc_community_house_3,
          grunt_orc_community_house_2
Lab:      labyrinth_skeletal_remains, lab_statue

Table legend:
 A = Turns spent in this place as a percentage of turns spent in the entire game.
 B = Non-inter-level travel turns spent in this place as a percentage of non-inter-level travel turns spent in the entire game.
 C = Inter-level travel turns spent in this place as a percentage of turns spent in this place.
 D = Turns resting spent in this place as a percentage of non-inter-level travel turns spent in this place.
 E = Turns spent auto-exploring this place as a percentage of non-inter-level travel turns spent in this place.
 F = Non-inter-level travel turns spent in this place divided by the number of levels of this place that you've seen.
                   A       B       C       D       E      F
               +-------+-------+-------+-------+-------+----------------------
         Total | 100.0 | 100.0 |   3.7 |  14.9 |  57.7 | 988.3
       Dungeon |  62.1 |  62.2 |   3.5 |  15.5 |  59.8 | 983.2
          Lair |  28.1 |  28.4 |   2.7 |  12.4 |  57.9 | 1120.8
  Orcish Mines |   8.7 |   8.3 |   8.1 |  14.9 |  49.1 | 985.0
     Labyrinth |   1.1 |   1.2 |   0.0 |  40.4 |   0.0 | 277.0
               +-------+-------+-------+-------+-------+----------------------

Table legend:
 A = Kills in this place as a percentage of kills in entire the game.
 B = Kills by you in this place as a percentage of kills by you in the entire game.
 C = Kills by friends in this place as a percentage of kills by friends in the entire game.
 D = Other kills in this place as a percentage of other kills in the entire game.
 E = Experience gained in this place as a percentage of experience gained in the entire game.
 F = Experience gained in this place divided by the number of levels of this place that you have seen.
                   A       B       C       D       E      F
               +-------+-------+-------+-------+-------+----------------------
         Total | 100.0 | 100.0 |   N/A | 100.0 | 100.0 | 7287.8
       Dungeon |  56.3 |  56.1 |   N/A |  64.7 |  55.4 | 6457.8
          Lair |  27.4 |  27.3 |   N/A |  29.4 |  36.0 | 10504.8
  Orcish Mines |  16.2 |  16.4 |   N/A |   5.9 |   8.0 | 6967.0
     Labyrinth |   0.1 |   0.1 |   N/A |   0.0 |   0.6 | 1078.0
               +-------+-------+-------+-------+-------+----------------------
